 Dungeon Crawl Stone Soup version 0.30.1-3-gfc49f6343a (webtiles) character file.

Game seed: 16467536326648044618

25 Bronimir the Grave Robber (level 2, 0/19 HPs)
             Began as a Demonspawn Necromancer on July 28, 2023.
             Slain by a hobgoblin
             ... wielding a +2 dagger of freezing
              (6 damage)
             ... on level 2 of the Dungeon.
             The game lasted 00:04:10 (1123 turns).

Bronimir the Grave Robber (Demonspawn Necromancer)  Turns: 1123, Time: 00:04:13

Health: 0/19       AC:  5    Str:  8    XL:     2   Next: 82%
Magic:  2/5        EV: 12    Int: 16    God:
Gold:   68         SH:  0    Dex: 13    Spells: 4/5 levels left

rFire   . . .        m - +3 short sword
rCold   . . .        (no shield)
rNeg    . . .        a - +0 robe
rPois   .            g - +2 hat
rElec   .            (no cloak)
rCorr   .            l - +0 pair of gloves
SInv    .            (no boots)
Will    .....        (no amulet)
Stlth   ++           (no ring)
HPRegen 0.23/turn    (no ring)
MPRegen 0.09/turn

%: no passive effects
@: no status effects
A: demonic touch 1
a: no special abilities


You were on level 2 of the Dungeon.
You visited 1 branch of the dungeon, and saw 2 of its levels.

You collected 68 gold pieces.

Inventory:

Hand Weapons
 d - a +0 dagger
 j - a +0 sling
 m - a +3 short sword (weapon)
Missiles
 n - 4 stones
Armour
 a - a +0 robe (worn)
 f - a +0 leather armour
 g - a +2 hat (worn)
 l - a +0 pair of gloves (worn)
Jewellery
 i - an amulet of the acrobat
 k - an amulet of faith
Scrolls
 e - 3 scrolls of identify {unknown}
 h - a scroll of teleportation {unknown}
 o - a scroll of acquirement {unknown}
Potions
 b - a potion of magic
 c - a potion of invisibility {unknown}


   Skills:
 + Level 1.9 Dodging
 - Level 1.7 Stealth
 * Level 2.4 Spellcasting
 * Level 5.0 Necromancy


You had 4 spell levels left.
You knew the following spells:

 Your Spells              Type           Power      Damage    Failure   Level
a - Necrotise             Necr           72%        1d7       2%          1

Your spell library contained the following spells:

 Spells                   Type           Power      Damage    Failure   Level
 Vampiric Draining        Necr           18%        2d7       8%          3
 Magic Dart               Conj           4%         1d3       21%         1
 Animate Dead             Necr           18%        N/A       26%         4
 Call Imp                 Summ           2%         N/A       30%         2
 Mephitic Cloud           Conj/Pois/Air  1%         N/A       52%         3
 Agony                    Necr           18%        N/A       56%         5


Dungeon Overview and Level Annotations

Branches:
Dungeon (2/15)

Altars:


Innate Abilities, Weirdness & Mutations

Your touch may inflict minor irresistible damage on your foes.


Message History

The endoplasm is severely wounded.
You hear a shout!
The endoplasm barely misses you.
You puncture the endoplasm!
You kill the endoplasm!
You puncture the bat zombie!
You destroy the bat zombie!
A hobgoblin comes into view. It is wielding a +2 dagger of freezing.
You swap places.
The hobgoblin hits you but does no damage.
A ball python skeleton comes into view.
You hit the hobgoblin.
The hobgoblin is lightly wounded.
The hobgoblin hits you but does no damage.
You hit the hobgoblin.
The hobgoblin is severely wounded.
Your rat skeleton crumbles into dust!
The hobgoblin closely misses you.
You hit the hobgoblin.
You kill the hobgoblin!
The hobgoblin hits you with a +2 dagger of freezing.
The hobgoblin freezes you.
Things that are here:
a scroll labelled FINU XESTOHYQE; a hobgoblin corpse You closely miss the hobgoblin.
The hobgoblin hits you with a +2 dagger of freezing.
The hobgoblin freezes you.
You are too injured to fight recklessly!
You are too injured to fight recklessly!
You are too injured to fight recklessly!
You are too injured to fight recklessly!
You are too injured to fight recklessly!
Casting: Necrotise (safe; 2% risk of failure)
Confirm with . or Enter, or press ? or * to list all spells.
Aiming: Necrotise (safe; 2% risk of failure)
Press: ? - help, Shift-Dir - straight line, f - hobgoblin
Aim: a hobgoblin, wielding a +2 dagger of freezing and wearing a +0 scale mail (chance to affect: 88%)
The hobgoblin barely resists.
The hobgoblin hits you with a +2 dagger of freezing.
You die...

.##############....###..<
.................<...##..
............##.......#..#
.##.######.###.>........#
# #.# ###...#.=... ##.#
#.)..P..P# #..#
##.##....# ##.##
#.##.#### #@..# #.##.#
#Zg..........#
....#...#####..
####.##.## #.. . #.# ..
#.# .. #.# ... .#


You could see a hobgoblin and a ball python skeleton.

Vanquished Creatures
  An adder skeleton (D:2)
  A bat zombie (D:2)
  An endoplasm (D:2)
  A giant cockroach (D:1)
  4 hobgoblins (D:2)
  A ball python (D:1)
  A ball python skeleton (D:2)
  A ball python zombie (D:2)
  A bat (D:2)
  A frilled lizard (D:1)
  A giant cockroach zombie (D:2)
  A quokka skeleton (D:2)
  5 rats
20 creatures vanquished.

Vanquished Creatures (collateral kills)
  A quokka (D:2)
  3 rats (D:1)
4 creatures vanquished.

Grand Total: 24 creatures vanquished

Notes
Turn   | Place    | Note
-------+----------+-------------------------------------------
     0 | D:1      | Bronimir the Demonspawn Necromancer began the quest for the
                  | Orb.
     0 | D:1      | Reached XP level 1. HP: 13/13 MP: 3/3
  1002 | D:2      | Gained mutation: Your touch may inflict minor irresistible
                  | damage on your foes. [demonic ancestry]
  1002 | D:2      | Reached XP level 2. HP: 18/19 MP: 0/5
  1079 | D:2      | Reached skill level 5 in Necromancy
  1123 | D:2      | Slain by a hobgoblin

Illustrated notes

Levels and vault maps discovered:
D:1:      wheals_arrival_linesprint, layout_basic,
          minmay_misc_feat_secret_circle
D:2:      layout_loops_ring, serial_undead, serial_undead_d, serial_undead_b,
          serial_undead_a, serial_undead_c, minmay_cupped

Skill      XL: |  1  2 |
---------------+-------+-----
Necromancy     | 5 |  5.0
Dodging        | |  1.9
Stealth        | |  1.7
Spellcasting   | |  2.4

Action                     || total
---------------------------++-------
  Melee: Short sword       ||    20
         Unarmed           ||     2
         Touch             ||     3
   Cast: Necrotise         ||    20
 Armour: Robe              ||    18
  Dodge: Dodged            ||    43
